 Dungeon Crawl Stone Soup version 0.17-a0-977-g4154171 (webtiles) character file.

111 InterDimensionalOwl the Chopper (level 4, 0/41 HPs)
             Began as a Minotaur Berserker on May 10, 2015.
             Was a Priest of Trog.
             Succumbed to a gnoll sergeant's poison
             ... on level 6 of the Dungeon.
             The game lasted 00:24:53 (2432 turns).

InterDimensionalOwl the Chopper (MiBe)              Turns: 2432, Time: 00:24:54

Health: 0/41       AC:  1    Str: 21    XL:     4   Next: 62%
Magic:  3/3        EV: 12    Int:  4    God:    Trog [***...]
Gold:   235        SH:  0    Dex: 11    Spells: 0 memorised, 3 levels left

rFire  . . .     SeeInvis .     y - +0 hand axe
rCold  . . .     Clarity  .     j - +3 leather armour
rNeg   . . .     SustAb   .     (no shield)
rPois  .         Gourm    .     (helmet restricted)
rElec  .         Spirit   .     (no cloak)
rCorr  .         Warding  .     (no gloves)
rMut   .         Stasis   .     (no boots)
MR     .....                    (no amulet)
Stlth  +.........               (no ring)
                                (no ring)

@: lethally poisoned (0 -> -5), corroded equipment, not resistant to hostile
enchantments, very unstealthy
A: retaliatory headbutt, horns 2
a: Burn Spellbooks, Berserk, Trog's Hand, Renounce Religion


You were on level 6 of the Dungeon.
You worshipped Trog.
Trog was most pleased with you.
You were not hungry.

You visited 1 branch of the dungeon, and saw 4 of its levels.

You collected 235 gold pieces.

Inventory:

Hand weapons
 a - a +0 hand axe
 k - a +0 hand axe
 y - a +0 hand axe (weapon)
Missiles
 i - 135 stones (quivered)
Armour
 b - a +0 animal skin
 g - a +2 helmet
 j - a +3 leather armour (worn)
Scrolls
 d - 2 scrolls of amnesia
 l - a scroll of fear {unknown}
 m - a scroll of random uselessness
 n - a scroll of blinking {unknown}
 o - 4 scrolls of fog
 p - 4 scrolls of remove curse
 t - a scroll of teleportation
Potions
 e - 2 potions of agility
 f - a potion of might
 q - a potion of ambrosia
 s - a potion of magic
 u - 2 potions of curing
 v - a potion of cancellation
 x - a potion of heal wounds
 z - a potion of degeneration {unknown}
Comestibles
 c - 2 bread rations
 h - a slice of pizza
 r - 2 meat rations
 w - 4 fruits
 A - a chunk of flesh


   Skills:
 + Level 4.7 Fighting
 + Level 4.9 Axes
 + Level 1.7 Throwing
 - Level 2.8 Armour
 - Level 2.4 Dodging


You had 3 spell levels left.
You didn't know any spells.

Dungeon Overview and Level Annotations

Branches:
Dungeon (6/15)             Temple (0/1) D:6

Altars:
Cheibriados
Elyvilon
Gozag
Kikubaaqudgha
Makhleb
Xom
Yredelemnul
Zin


Innate Abilities, Weirdness & Mutations

You reflexively headbutt those who attack you in melee.
You have a pair of horns on your head.


Message History

The jelly hits you.
You are splashed with acid!
The acid burns!
The gnoll sergeant hits you from afar with a spear of venom.
You slash the jelly! The acid corrodes your equipment!
You headbutt the jelly.
The jelly is heavily wounded.
You hit the ice beast but do no damage.
You feel sick. The ice beast closely misses you. The jelly hits you.
You are splashed with acid!
The acid burns!
* * * LOW HITPOINT WARNING * * *
The gnoll sergeant barely misses you.
A goblin comes into view. It is wielding a club.
You barely miss the jelly.
The jelly is heavily wounded.
You closely miss the ice beast.
The goblin shouts!
The ice beast hits you.
* * * LOW HITPOINT WARNING * * *
The ice beast freezes you.
* * * LOW HITPOINT WARNING * * *
The jelly barely misses you. The gnoll sergeant misses you.
You die...

#.# .# #.# .. ..
###.### #.....#
#.....# ###+###
#.....#
#.....#####.....#
#.⌠.⌠.#.......#...
+..>..'.###.#.#.##
#@⌠J⌠.### #.#.#.#
#..Y..# #.....#
###'### ###.## #g#
.# #g# . .g. #.
#g. .... ....


You could see an ice beast, a gnoll sergeant and a jelly.

Vanquished Creatures
  Terence (D:3)
  2 adders
  2 worms (D:2)
  5 giant geckos
  8 bats
  5 giant cockroaches
  6 goblins
  7 hobgoblins
  4 kobolds
  A quokka (D:2)
  4 giant newts
  8 jackals
  6 rats
59 creatures vanquished.

Notes
Turn   | Place    | Note
--------------------------------------------------------------
     0 | D:1      | InterDimensionalOwl, the Minotaur Berserker, began the quest for the Orb.
     0 | D:1      | Reached XP level 1. HP: 19/19 MP: 0/0
   190 | D:1      | Reached skill level 4 in Axes
   225 | D:1      | Reached XP level 2. HP: 27/27 MP: 1/1
   383 | D:1      | Acquired Trog's second power
   941 | D:2      | Reached XP level 3. HP: 30/33 MP: 2/2
  1345 | D:2      | Reached skill level 1 in Throwing
  1662 | D:3      | Reached XP level 4. HP: 33/41 MP: 3/3
  2039 | D:3      | Found a burning altar of Makhleb.
  2040 | D:3      | Found a basalt altar of Yredelemnul.
  2043 | D:3      | Found an ancient bone altar of Kikubaaqudgha.
  2045 | D:3      | Found a snail-covered altar of Cheibriados.
  2046 | D:3      | Found a shimmering altar of Xom.
  2049 | D:3      | Found a white marble altar of Elyvilon.
  2050 | D:3      | Found a glowing silver altar of Zin.
  2144 | D:3      | Found an opulent altar of Gozag.
  2216 | D:3      | Noticed Terence
  2223 | D:3      | Killed Terence
  2336 | D:3      | You fall through a shaft for 3 floors!
  2385 | D:6      | Noticed an ice beast
  2422 | D:6      | Found a staircase to the Ecumenical Temple.
  2431 | D:6      | HP: 1/41 [ice beast (6)]
  2432 | D:6      | Succumbed to a gnoll sergeant's poison

Vault maps used:
D:1:      evilmike_arrival_hilbert_curve
D:2:      serial_corexii_hall, corexii_hall_statues_t,
          corexii_hall_statues_deadend
D:3:      minitemple, nicolae_gozag_seed_capital, uniq_terence
D:6:      minmay_temple_entry_hall

Action                   |  1- 3 |  4- 6 || total
-------------------------+-------+-------++-------
Melee: Hand axe          |    92 |    22 ||   114
Throw: Stone             |    42 |     7 ||    49
  Use: Scroll            |     5 |     8 ||    13
  Eat: Chunk             |     1 |     2 ||     3
       Pizza             |       |     1 ||     1
